 Dungeon Crawl Stone Soup version 0.30-a0-394-g3e4acdb0ae (webtiles) character file.

Game seed: 11608969236261120225

48 Bnni the Shield-Bearer (level 3, -4/29 HPs)
             Began as a Demonspawn Fighter on Dec 6, 2022.
             Slain by an iron imp (8 damage)
             ... summoned by Natasha
             ... on level 2 of the Dungeon.
             The game lasted 00:01:57 (1485 turns).

Bnni the Shield-Bearer (Demonspawn Fighter)         Turns: 1485, Time: 00:01:57

Health: -4/29      AC:  7    Str: 18    XL:     3   Next: 50%
Magic:  3/3        EV:  9    Int:  9    God:
Gold:   73         SH:  4    Dex: 12    Spells: 2/2 levels left

rFire   . . .      SeeInvis .    a - +0 trident
rCold   . . .      Faith    .    c - +0 buckler
rNeg    . . .      Spirit   .    b - +0 scale mail
rPois   .          Reflect  .    (no helmet)
rElec   .          Harm     .    (no cloak)
rCorr   .          Rampage  .    k - +0 pair of gloves
Will    .....                    (no boots)
Stlth   ..........               (no amulet)
HPRegen 0.24/turn                (no ring)
MPRegen 0.08/turn                (no ring)

@: no status effects
A: claws 1
a: no special abilities


You were on level 2 of the Dungeon.
You visited 1 branch of the dungeon, and saw 2 of its levels.

You collected 73 gold pieces.

Inventory:

Hand Weapons
 a - a +0 trident (weapon)
Armour
 b - a +0 scale mail (worn)
 c - a +0 buckler (worn)
 k - a +0 pair of gloves (worn)
Jewellery
 j - a ring of ice
Scrolls
 e - 2 scrolls of identify {unknown}
 g - a scroll of summoning {unknown}
 h - a scroll of enchant weapon {unknown}
 i - a scroll of blinking {unknown}
 l - a scroll of teleportation {unknown}
 m - a scroll of noise {unknown}
Potions
 d - a potion of might
 f - a potion of curing {unknown}


   Skills:
 + Level 3.3 Fighting
 * Level 2.6 Polearms
 - Level 2.6 Armour
 * Level 3.3 Shields


You had 2 spell levels left.
You didn't know any spells.
Your spell library contained the following spells:

 Spells                   Type           Power      Damage    Failure   Level
 Call Canine Familiar     Summ           0%         N/A       99%         3
 Ignite Poison            Fire/Tmut/Pois 0%         N/A       99%         3
 Kindle Blastsparks       Fire/Tloc/Air  0%         2d10      99%         3
 Portal Projectile        Hex/Tloc       0%         N/A       99%         3
 Leda's Liquefaction      Hex/Erth       0%         N/A       100%        4
 Freezing Cloud           Conj/Ice/Air   0%         6-21      100%        5


Dungeon Overview and Level Annotations

Branches:
Dungeon (2/15)

Altars:

Shops:
D:1 *

Annotations:
D:2 Natasha


Innate Abilities, Weirdness & Mutations

You have sharp fingernails.


Message History

You kill the ball python!
No target in view!
No target in view!
No target in view!
No target in view!
No target in view!
No target in view!
m - a scroll labelled XYOJAT VAAG You see here a +0 dagger.
n - a +0 dagger You drop a +0 dagger.
Found a chain mail.
Natasha, Servant of Life and Death comes into view.
Natasha hisses angrily.
Natasha casts a spell.
You barely miss the white imp.
The white imp hits you but does no damage.
You closely miss the white imp. You block the white imp's attack.
You barely miss Natasha.
Natasha howls an incantation.
You feel disoriented.
Natasha casts a spell.
The white imp laughs crazily.
The white imp hits you but does no damage.
You closely miss Natasha. Natasha completely misses you.
The white imp hits you but does no damage.
The iron imp hits you but does no damage.
Natasha claws you but does no damage.
You closely miss Natasha. The white imp hits you. The white imp freezes you.
You block Natasha's attack. The iron imp closely misses you.
You hit Natasha.
Natasha is moderately wounded.
The white imp gestures at you. The puff of frost hits you! Natasha claws you!
* * * LOW HITPOINT WARNING * * *
The white imp barely misses you.
You completely miss Natasha.
Natasha is moderately wounded.
The iron imp hits you!
You die...

#...# #.# #.# #
#...########'###
#.#####
###...##...†.)...#
#......
...##.##.........#
#######
...##†##.........#
.......
...##.##.........#
#######
#####.##.........#
#
#.##.........####
#
#.########.5@h[.#
#####.#
####5......
......# .......
####### .......
....... .......
....... .......
....... #######
######.


You could see an iron imp (summoned), Natasha and a white imp (summoned).

Vanquished Creatures
  An adder (D:2)
  A dart slug (D:1)
  5 ball pythons
  3 endoplasms
  A hobgoblin (D:2)
  4 jackals (D:1)
  8 kobolds
  3 quokkas
  2 bats
  3 frilled lizards
  3 rats
34 creatures vanquished.

Vanquished Creatures (others)
  8 plants (D:1)
8 creatures vanquished.

Grand Total: 42 creatures vanquished

Notes
Turn   | Place    | Note
-------+----------+-------------------------------------------
     0 | D:1      | Bnni the Demonspawn Fighter began the quest for the Orb.
     0 | D:1      | Reached XP level 1. HP: 18/18 MP: 1/1
   188 | D:1      | Found Qituryidi's Assorted Antiques.
   451 | D:1      | Gained mutation: You have sharp fingernails. [demonic
                  | ancestry]
   451 | D:1      | Reached XP level 2. HP: 20/24 MP: 2/2
  1237 | D:2      | Reached XP level 3. HP: 26/29 MP: 3/3
  1477 | D:2      | Noticed Natasha
  1485 | D:2      | Slain by an iron imp

Illustrated notes

Levels and vault maps discovered:
D:1:      elethiomel_arrival_infinity_welcomes_careful_drivers,
          layout_loops_corners, serial_shops, shop, lexackson_kobold_supper
D:2:      layout_basic, uniq_natasha

Skill      XL: |  1  2 |
---------------+-------+-----
Polearms       | 2 |  2.6
Shields        | 3 |  3.3
Fighting       | |  3.3
Armour         | |  2.6

Action                   || total
-------------------------++-------
Melee: Trident           ||   115
Armor: Scale mail        ||    49
Dodge: Dodged            ||    39
Block: Buckler           ||    21

Table legend: (Time is in decaauts)
 A = Elapsed time spent in this place.
 B = Non-inter-level travel time spent in this place.
 C = Inter-level travel time spent in this place.
 D = Time resting spent in this place.
 E = Time spent auto-exploring this place.
 F = Levels seen in this place.
 G = Mean time per level.
                   A        B        C        D        E       F      G
               +--------+--------+--------+--------+--------+-----+--------+
         Total |   1510 |   1469 |     41 |      0 |   1236 |   2 |  755.0 |
       Dungeon |   1510 |   1469 |     41 |      0 |   1236 |   2 |  755.0 |
               +--------+--------+--------+--------+--------+-----+--------+

Top non-repeatable levels by time:
     D:1: 1190 daAuts
     D:2: 319 daAuts
